 Dungeon Crawl Stone Soup version 0.31-b1-22-gc680215f68 (webtiles) character file.

Game seed: 4692644118234618595

34 Destinykillz the Digger (level 3, 0/20 HPs)
             Began as a Gargoyle Earth Elementalist on Jan 19, 2024.
             Slain by Terence
             ... wielding a +0 mace
              (2 damage)
             ... on level 2 of the Dungeon.
             The game lasted 00:02:57 (1274 turns).

Destinykillz the Digger (GrEE)                      Turns: 1274, Time: 00:02:58

Health: 0/20       AC:  5    Str: 11    XL:     3   Next: 31%
Magic:  0/6        EV: 11    Int: 17    God:
Gold:   67         SH:  0    Dex: 10    Spells: 2/6 levels left

rFire   . . .        g - staff of conjuration
rCold   . . .        (no shield)
rNeg    + . .        a - +0 robe
rPois   ∞            (no helmet)
rElec   +            (no cloak)
rCorr   .            (no gloves)
SInv    .            (no boots)
Will    .....        (no amulet)
Stlth   ++           (no ring)
HPRegen 0.23/turn    (no ring)
MPRegen 0.10/turn

%: no passive effects
@: no status effects
A: sickness immunity, AC +3, negative energy resistance 1, electricity
resistance, torment resistance 1, petrification resistance
a: no special abilities


You were on level 2 of the Dungeon.
You visited 1 branch of the dungeon, and saw 2 of its levels.

You collected 67 gold pieces.

Inventory:

Hand Weapons
 d - a +0 short sword
 f - a +0 mace
Armour
 a - a +0 robe (worn)
Magical Staves
 g - a staff of conjuration (weapon)
Scrolls
 c - a scroll of revelation {unknown}
 e - 2 scrolls of identify {unknown}
 h - a scroll of teleportation {unknown}
Potions
 b - a potion of magic
 i - a potion of heal wounds {unknown}


   Skills:
 + Level 1.2 Fighting
 - Level 1.5 Dodging
 * Level 2.8 Stealth
 + Level 2.2 Spellcasting
 + Level 1.5 Conjurations
 * Level 4.1 Earth Magic


You had 2 spell levels left.
You knew the following spells:

 Your Spells              Type           Power      Damage    Failure   Level
a - Sandblast             Erth           32%        2d9       3%          1
b - Stone Arrow           Conj/Erth      34%        3d9       19%         3

Your spell library contained the following spells:

 Spells                   Type           Power      Damage    Failure   Level
 Passwall                 Erth           16%        N/A       11%         3
 Brom's Barrelling Bould  Conj/Erth      17%        2d4       52%         4
 Petrify                  Alch/Erth      8%         N/A       63%         4


Dungeon Overview and Level Annotations

Branches:
Dungeon (2/15)

Altars:

Annotations:
D:2 Terence


Innate Abilities, Weirdness & Mutations

You are immune to sickness and miasma.
Your stone body is resilient. (AC +3)
You are immune to poison.
You resist negative energy. (rN+)
You are resistant to electric shocks. (rElec)
You are resistant to unholy torment.
You are immune to petrification.


Message History

Aiming: Sandblast (safe; 3% risk of failure)
Press: ? - help, Shift-Dir - straight line, f/p - Terence
Aim: Terence, wielding a +0 mace and wearing a +0 chain mail of fire resistance (lightly wounded, 87% to hit)
The blast of sand hits Terence but does no damage.
Terence is lightly wounded.
Terence hits you with a +0 mace. x2
Terence attacks as he pursues you! Terence closely misses you.
Your magical contamination has completely faded away.
Terence attacks as he pursues you! Terence barely misses you.
Casting: Sandblast (safe; 3% risk of failure)
Confirm with . or Enter, or press ? or * to list all spells.
Aiming: Sandblast (safe; 3% risk of failure)
Press: ? - help, Shift-Dir - straight line, f/p - Terence
Aim: Terence, wielding a +0 mace and wearing a +0 chain mail of fire resistance (lightly wounded, 87% to hit)
The blast of sand hits Terence but does no damage.
Terence is lightly wounded.
Terence hits you with a +0 mace.
Casting: Sandblast (safe; 3% risk of failure)
Confirm with . or Enter, or press ? or * to list all spells.
Aiming: Sandblast (safe; 3% risk of failure)
Press: ? - help, Shift-Dir - straight line, f/p - Terence
Aim: Terence, wielding a +0 mace and wearing a +0 chain mail of fire resistance (lightly wounded, 87% to hit)
The blast of sand hits Terence but does no damage.
Terence is lightly wounded.
Terence closely misses you. Terence barely misses you.
Casting: Sandblast (safe; 3% risk of failure)
Confirm with . or Enter, or press ? or * to list all spells.
Aiming: Sandblast (safe; 3% risk of failure)
Press: ? - help, Shift-Dir - straight line, f/p - Terence
Aim: Terence, wielding a +0 mace and wearing a +0 chain mail of fire resistance (lightly wounded, 87% to hit)
The blast of sand hits Terence.
Terence is lightly wounded.
Terence hits you with a +0 mace!
Ouch! That really hurt!
* * * LOW HITPOINT WARNING * * *
Unknown command.
Terence attacks as he pursues you! Terence closely misses you.
Terence hits you with a +0 mace.
You die...
Terence says, "Time to find some more victims."

########.#### #..#
#........#
##..########
#.########
#.....)....#
####.#######
#...###.....
#.....)....#
#...........
#.##.#####.#
#..####.....
#.##.#
#######..####...†.
###.##.#
#.@.......!.......
....##.##
#@#####...b......#
#####...# #.#
##.####.$... #..##
#.# #.# ..### #.##
#.# #.. ..# #####
#.# #### .##
#♣♣.♣# #.# !#
#♣.♣.# #.# ..
'....# #.. ..
#♣.♣.#


You could see Terence.

Vanquished Creatures
  2 dart slugs (D:1)
  3 endoplasms
  4 goblins
  2 hobgoblins
  4 jackals (D:1)
  2 kobolds (D:1)
  5 ball pythons
  A bat (D:1)
  A frilled lizard (D:2)
  3 rats (D:1)
27 creatures vanquished.

Notes
Turn   | Place    | Note
-------+----------+-------------------------------------------
     0 | D:1      | Destinykillz the Gargoyle Earth Elementalist began the
                  | quest for the Orb.
     0 | D:1      | Reached XP level 1. HP: 10/10 MP: 3/3
   233 | D:1      | Reached XP level 2. HP: 15/16 MP: 0/5
   433 | D:1      | Reached skill level 4 in Earth Magic
   581 | D:1      | Reached skill level 1 in Fighting
   732 | D:1      | Reached XP level 3. HP: 20/20 MP: 4/6
   788 | D:1      | Learned a level 3 spell: Stone Arrow
  1253 | D:2      | Noticed Terence
  1271 | D:2      | HP: 1/20 [Terence/+0 mace (10)]
  1274 | D:2      | Slain by Terence

Illustrated notes

Levels and vault maps discovered:
D:1:      dpeg_arrival_shelter, layout_loops_corners
D:2:      layout_loops_ring, chequers_arboretum, minmay_between, uniq_terence

Skill      XL: |  1  2 |
---------------+-------+-----
Earth Magic    | 4 |  4.1
Fighting       | 1 |  1.2
Dodging        | |  1.5
Stealth        | |  2.8
Spellcasting   | |  2.2
Conjurations   | |  1.5

Action                     || total
---------------------------++-------
  Melee: Short sword       ||    21
         Unarmed           ||     6
         Punch             ||     1
   Cast: Sandblast         ||    36
 Armour: Robe              ||    27
  Dodge: Dodged            ||    19
